 Dungeon Crawl Stone Soup version 0.25-a0-424-g80bd347ae0 (webtiles) character file.

Game seed: 15748418394642608609, levelgen mode: classic

2900 EnegeticOcto the Archer (level 9, -3/85 HPs)
             Began as a Tengu Arcane Marksman on Jan 20, 2020.
             Was a Believer of Okawaru.
             Killed from afar by Maggie (29 damage)
             ... with a bolt of fire
             ... on level 8 of the Dungeon.
             The game lasted 00:25:07 (15046 turns).

EnegeticOcto the Archer (Tengu Arcane Marksman)    Turns: 15046, Time: 00:25:08

Health: -3/85      AC: 24    Str: 19    XL:     9   Next: 78%
Magic:  12/14      EV:  2    Int: 14    God:    Okawaru [**....]
Gold:   427        SH:  0    Dex: 19    Spells: 7/10 levels left

rFire    . . .     SeeInvis .   a - +0 shortbow
rCold    . . .     Gourm    .   (shield currently unavailable)
rNeg     + + +     Faith    .   (armour currently unavailable)
rPois    +         Spirit   .   (helmet currently unavailable)
rElec    .         Reflect  .   (cloak currently unavailable)
rCorr    .         Harm     .   (gloves currently unavailable)
MR       .....     NoTele   +   (boots unavailable)
Stlth    ++++......             (no amulet)
HPRegen  0.24/turn              (no ring)
MPRegen  0.14/turn              (no ring)

@: mighty, agile, tree-form, heroism, mesmerised, invisible
A: able to fly
a: Stop Flying, Heroism, Renounce Religion


You were on level 8 of the Dungeon.
You worshipped Okawaru.
Okawaru was pleased with you.
You were hungry.
You were a tree.
You visited 1 branch of the dungeon, and saw 8 of its levels.

You collected 541 gold pieces.
You spent 114 gold pieces at shops.

Inventory:

Hand Weapons
 a - a +0 shortbow (weapon)
 b - a +0 dagger of venom
Missiles
 d - 140 arrows (quivered)
 h - 6 silver javelins
 r - a throwing net {!f}
Armour
 q - a +2 robe of cold resistance (melded)
 w - a scarf of cloud immunity (melded)
Wands
 p - a wand of flame (14)
Scrolls
 c - 6 scrolls of remove curse {@r2}
 j - a scroll of magic mapping {@r5 !r}
 k - 2 scrolls of fear {!r}
 l - a scroll of fog {unknown}
 t - a scroll of enchant weapon {unknown}
 x - 2 scrolls of teleportation {@r3 !r}
 y - a scroll of noise {unknown}
 A - a scroll of torment {unknown}
Potions
 f - 2 potions of might {@q3 !q}
 g - a potion of berserk rage
 n - 2 potions of haste {unknown}
 o - 2 potions of curing {@q1 !q}
 s - a potion of brilliance
 u - a potion of magic
 z - a potion of heal wounds {unknown}
 B - a potion of cancellation {unknown}
Comestibles
 e - 13 rations


   Skills:
 - Level 7.0(12.0) Fighting
 + Level 9.4(14.4) Bows
 - Level 4.0(9.0) Dodging
 - Level 1.0 Spellcasting
 - Level 2.1 Hexes
 - Level 6.1 Invocations


You had 7 spell levels left.
You knew the following spells:

 Your Spells              Type           Power        Failure   Level  Hunger
a - Corona                Hex            #......      11%         1    ##.....
b - Slow                  Hex            #.......     16%         2    ###....

Your spell library contained the following spells:

 Spells                   Type           Power        Failure   Level  Hunger
 Animate Skeleton         Necr           N/A          26%         1    ##.....
 Pain                     Necr           #...         26%         1    ##.....
 Inner Flame              Hex/Fire       #.......     45%         3    ####...
 Portal Projectile        Hex/Tloc       #.....       45%         3    ####...
 Vampiric Draining        Necr           #.........   61%         3    ####...
 Cause Fear               Hex            #.........   71%         4    #####..
 Leda's Liquefaction      Hex/Erth       #.........   86%         4    #####..
 Animate Dead             Necr           N/A          95%         4    #####..
 Agony                    Necr           #.......     100%        5    ######.


Dungeon Overview and Level Annotations

Branches:
Dungeon (8/15)             Temple (0/1) D:6
   Lair: D:8-11

Altars:
Dithmenos
Kikubaaqudgha
Makhleb
Okawaru
Qazlal
Ru
Sif Muna
Trog
The Shining One

Shops:
D:6 [   D:7 (:?

Annotations:
D:2 1 runed translucent door, Crazy Yiuf
D:6 Dowan, Duvessa
D:8 Maggie


Innate Abilities, Weirdness & Mutations

((You have a beak for a mouth.))
((You have claws for feet.))
You can fly continuously.
((Armour fits poorly on your strangely shaped body.))


Message History

d - 148 arrows (gained 20)
You reach down and open the large door.
Maggie the Vainglorious comes into view.
She is wielding a +0 broad axe of flaming.
There is a large open door here.
Evoke which item? (* to show all) (? for menu, Esc to quit)
Okay, then.
You gain the combat prowess of a mighty hero.
Firing (i - inventory. (/) - cycle)
d - 148 arrows (quivered)
Press: ? - help, Shift-Dir - straight line, f - Maggie
Aim: Maggie, wielding a +0 broad axe of flaming and wearing +0 steam dragon scales (resting)
Okay, then.
Casting: Slow (safe; 16% risk of failure)
Confirm with . or Enter, or press ? or * to list all spells.
Aiming: Corona (safe; 11% risk of failure)
Press: ? - help, Shift-Dir - straight line, f - Maggie
Aim: Maggie, wielding a +0 broad axe of flaming and wearing +0 steam dragon scales (resting, chance to defeat MR: 40%)
The unseen horror is outlined in light.
You are feeling hungry.
An unseen horror comes into view.
The unseen horror barely misses you.
Firing (i - inventory. (/) - cycle)
d - 148 arrows (quivered)
Press: ? - help, Shift-Dir - straight line, f/p - Maggie
Aim: Maggie, wielding a +0 broad axe of flaming and wearing +0 steam dragon scales (resting)
You shoot an arrow.
The arrow hits the unseen horror but does no damage.
The unseen horror completely misses you.
The unseen horror hits you but does no damage.
Firing (i - inventory. (/) - cycle)
d - 147 arrows (quivered)
Press: ? - help, Shift-Dir - straight line, f/p - unseen horror
Aim: an unseen horror (softly glowing, slightly transparent)
You shoot an arrow. The arrow hits the unseen horror!
The unseen horror is lightly wounded.
The unseen horror hits you.
Firing (i - inventory. (/) - cycle)
d - 146 arrows (quivered)
Press: ? - help, Shift-Dir - straight line, f/p - unseen horror
Aim: an unseen horror (lightly wounded, softly glowing, slightly transparent)
You shoot an arrow.
The arrow barely misses the unseen horror.
The arrow hits Maggie but does no damage.
The unseen horror hits you.
Firing (i - inventory. (/) - cycle)
d - 145 arrows (quivered)
Press: ? - help, Shift-Dir - straight line, f/p - unseen horror
Aim: an unseen horror (lightly wounded, softly glowing, slightly transparent)
You shoot an arrow.
The arrow hits the unseen horror but does no damage.
The unseen horror is lightly wounded.
Firing (i - inventory. (/) - cycle)
d - 144 arrows (quivered)
Press: ? - help, Shift-Dir - straight line, f/p - unseen horror
Aim: an unseen horror (lightly wounded, softly glowing, slightly transparent)
You shoot an arrow.
The arrow hits the unseen horror but does no damage.
The unseen horror is lightly wounded.
The unseen horror barely misses you.
Firing (i - inventory. (/) - cycle)
d - 143 arrows (quivered)
Press: ? - help, Shift-Dir - straight line, f - Maggie, p - unseen horror
Aim: Maggie, wielding a +0 broad axe of flaming and wearing +0 steam dragon scales You shoot an arrow.
The arrow hits Maggie but does no damage.
The unseen horror hits you.
Maggie mumbles some strange words.
Maggie attempts to bespell you! You resist with some effort.
Firing (i - inventory. (/) - cycle)
d - 142 arrows (quivered)
Press: ? - help, Shift-Dir - straight line, f/p - Maggie
Aim: Maggie, wielding a +0 broad axe of flaming and wearing +0 steam dragon scales You shoot an arrow.
The arrow hits the unseen horror.
The unseen horror is moderately wounded.
The unseen horror hits you!
Firing (i - inventory. (/) - cycle)
d - 141 arrows (quivered)
Press: ? - help, Shift-Dir - straight line, f/p - Maggie
Aim: Maggie, wielding a +0 broad axe of flaming and wearing +0 steam dragon scales You shoot an arrow.
The arrow hits Maggie but does no damage.
Maggie casts a spell.
Maggie attempts to bespell you!
You are mesmerised by Maggie!
The unseen horror barely misses you.
Evoke which item? (* to show all) (? for menu, Esc to quit)
Okay, then.
Really quaff
m - a potion of agility {@q5 !q}?
You feel agile all of a sudden.
The unseen horror completely misses you.
Really quaff
f - 3 potions of might {@q3 !q}? [Y]es or [N]o only, please.
Really quaff
f - 3 potions of might {@q3 !q}?
You feel very mighty all of a sudden.
Maggie hits you with a +0 broad axe of flaming!
Maggie burns you.
* * * LOW HITPOINT WARNING * * *
Really quaff the potion of lignification?
You turn into a tree.
Your scarf of cloud immunity melds into your body.
Your +2 robe of cold resistance melds into your body.
You feel vulnerable to the effects of clouds.
You feel less resistant to cold.
Your roots penetrate the ground.
It was a potion of invisibility.
You fade into invisibility!
The unseen horror stops glowing and disappears.
Maggie casts a spell at you. The bolt of fire hits you!!
You die...

#.# #.#.........#######.
...(#...........# #.
#...............# #.
#.#.............# #.
#.#####.........# #
#...............# #.
##########......######+###
#.
##..............##.....#
...
##..............♣@(.(..#
...
##..............##....##
...... ##..............#
...# .......
##..............# ###
........ ###....###......#
......... # #..).#
#......#### ......... #
#....# #.........#
......... ###....#
#.........# .........
.......# #####.....#
#.>.....


You could see Maggie.

Vanquished Creatures
  Menkaure (D:5)
  2 water moccasins
  4 orc warriors
  2 sky beasts
  2 ice beasts (D:5)
  A phantom (D:6)
  A centaur (D:5)
  2 ogres
  A water moccasin zombie (D:5)
  3 wights (D:7)
  2 howler monkeys (D:7)
  A bullfrog zombie (D:7)
  4 crimson imps
  3 centaur zombies (D:7)
  A quasit (D:6)
  A jelly (D:7)
  2 hounds
  5 orc priests
  Jessica (D:3)
  Ijyb (D:2)
  Terence (D:2)
  2 iguanas
  6 orc wizards
  3 worker ants
  A hound skeleton (D:5)
  Robin (D:2)
  4 gnolls
  12 adders
  A shadow imp (D:6)
  An ooze (D:2)
  An adder zombie (D:5)
  3 adder skeletons
  2 dart slugs
  6 leopard geckos
  30 orcs
  3 ball pythons
  5 giant cockroaches
  21 goblins
  8 hobgoblins
  10 jackals
  2 quokkas
  7 bats
  6 frilled lizards
  A goblin skeleton (D:5)
  A hobgoblin zombie (D:5)
  2 jackal skeletons
  A jackal zombie (D:7)
  6 kobolds
  3 kobold skeletons (D:5)
  A kobold zombie (D:5)
  A leopard gecko zombie (D:5)
  2 orc skeletons (D:5)
  An orc zombie (D:5)
  A quokka skeleton (D:5)
  7 rats
203 creatures vanquished.

Notes
Turn   | Place    | Note
-------+----------+-------------------------------------------
     0 | D:1      | EnegeticOcto the Tengu Arcane Marksman began the quest for
                  | the Orb.
     0 | D:1      | Reached XP level 1. HP: 12/12 MP: 3/3
   274 | D:1      | Reached XP level 2. HP: 17/17 MP: 4/4
   463 | D:1      | Reached XP level 3. HP: 12/22 MP: 5/5
   742 | D:1      | Learned a level 2 spell: Slow
  1206 | D:2      | Noticed Terence
  2585 | D:2      | Reached XP level 4. HP: 24/29 MP: 6/6
  2804 | D:2      | Killed Terence
  3194 | D:2      | Found a runed translucent door.
  3195 | D:2      | Noticed Crazy Yiuf
  3773 | D:2      | Gained mutation: You can fly continuously. [Tengu growth]
  3773 | D:2      | Reached XP level 5. HP: 21/33 MP: 0/7
  3922 | D:3      | Reached skill level 3 in Bows
  4640 | D:3      | Found a shadowy altar of Dithmenos.
  4651 | D:3      | Noticed Robin
  4681 | D:2      | Killed Robin
  4948 | D:3      | Reached XP level 6. HP: 25/38 MP: 4/8
  5285 | D:3      | Noticed Jessica
  5293 | D:3      | Noticed Ijyb
  5436 | D:2      | Killed Ijyb
  5436 | D:2      | Reached skill level 4 in Bows
  5799 | D:3      | Killed Jessica
  5941 | D:3      | Found a shimmering blue altar of Sif Muna.
  6003 | D:3      | Found a burning altar of Makhleb.
  6053 | D:3      | Found a faded altar of an unknown god.
  6571 | D:4      | Reached skill level 5 in Bows
  6743 | D:4      | Found an iron altar of Okawaru.
  6750 | D:4      | Became a worshipper of Warmaster Okawaru
  7163 | D:4      | Reached XP level 7. HP: 36/43 MP: 7/9
  7311 | D:5      | Entered Level 5 of the Dungeon
  7400 | D:5      | Found a glowing golden altar of the Shining One.
  7408 | D:5      | Reached skill level 1 in Invocations
  7569 | D:5      | Found a sacrificial altar of Ru.
  8706 | D:5      | Reached skill level 5 in Fighting
  8706 | D:5      | Reached skill level 6 in Bows
  8831 | D:5      | Reached * piety under Okawaru
  8831 | D:5      | Reached XP level 8. HP: 36/49 MP: 10/10
  9029 | D:6      | Noticed Menkaure
  9622 | D:5      | Killed Menkaure
 10049 | D:6      | Got a faintly glowing morningstar
 10050 | D:6      | Identified the +7 morningstar of Vuppane {antimagic,
                  | *Contam rPois Stlth+} (You found it on level 6 of the
                  | Dungeon)
 10126 | D:5      | Reached skill level 7 in Bows
 10403 | D:5      | Gained mutation: Armour fits poorly on your strangely
                  | shaped body. [mutagenic glow]
 10937 | D:6      | Found a staircase to the Ecumenical Temple.
 11071 | D:6      | Found a stormy altar of Qazlal.
 11073 | D:6      | Noticed an air elemental
 11074 | D:6      | Noticed a water elemental
 11093 | D:6      | Found Usemiq's Antique Armour Shoppe.
 11226 | D:6      | Reached XP level 9. HP: 18/56 MP: 13/13
 11462 | D:6      | Noticed Duvessa
 11464 | D:6      | Noticed Dowan
 11998 | D:6      | Noticed a gargoyle
 12335 | D:7      | Found Faulo's Antique Weapon Shop.
 12395 | D:7      | Reached skill level 8 in Bows
 12708 | D:7      | Reached skill level 5 in Invocations
 13298 | D:7      | Found Ijerok's Magic Scroll Shop.
 13306 | D:7      | Bought a scroll of magic mapping for 42 gold pieces
 13306 | D:7      | Bought a scroll of teleportation for 36 gold pieces
 13306 | D:7      | Bought a scroll of teleportation for 36 gold pieces
 13318 | D:7      | Found Zeshiam's Book Shoppe.
 13502 | D:7      | Reached ** piety under Okawaru
 13683 | D:7      | Found an ancient bone altar of Kikubaaqudgha.
 13850 | D:7      | Found a bloodstained altar of Trog.
 14186 | D:8      | Reached skill level 9 in Bows
 15032 | D:8      | Noticed Maggie
 15034 | D:8      | Noticed an unseen horror
 15046 | D:8      | Killed from afar by Maggie

Levels and vault maps discovered:
D:1:      dpeg_arrival_more_subterranean_lakeside_camping, layout_rooms,
          minmay_pentomino_s2
D:2:      layout_basic, uniq_terence, uniq_crazy_yiuf_cottage
D:3:      layout_rooms, nicolae_dithmenos_shadow_blocks,
          lemuel_coloured_pillars_altar, first_ration,
          chequers_ecumenical_altar_simple_redux, lemuel_blue_sif_altar,
          uniq_ijyb, uniq_robin, uniq_jessica
D:4:      layout_loops_corners, nrook_loot_triangle, okawaru_metal_pillars_1_2
D:5:      minmay_diamond_boxcup, layout_loops_cross, kennysheep_mini_moat,
          nicolae_tso_besieged_by_evil
D:6:      cheibrodos_barr_body, layout_cave_pools,
          nicolae_qazlal_style_of_elements, minmay_temple_entry_stoned_glass,
          serial_shops, nicolae_shop_temple_entry_statues_fountains,
          uniq_duvessa, uniq_menkaure
D:7:      layout_loops_ring, kennysheep_mini, kiku_gazebo_pond_becter,
          kennysheep_little_box, serial_shops, shop, nicolae_shop_waterfront,
          shop
D:8:      layout_basic, gammafunk_temple_overflow_wave, uniq_maggie

Skill      XL: |  1  2  3  4  5  6  7  8  9 |
---------------+----------------------------+-----
Fighting       | 2 3 4 5 6 7 |  7.0
Bows           | 3 5 6 7 9 |  9.4
Dodging        | 3 4 |  4.0
Invocations    | 2 4 6 |  6.1
Spellcasting   | |  1.0
Hexes          | |  2.1

Action                   |  1- 3 |  4- 6 |  7- 9 || total
-------------------------+-------+-------+-------++-------
Melee: Dagger            |    81 |    92 |    17 ||   190
       Kick              |    20 |    19 |     3 ||    42
       Peck              |    10 |    17 |     8 ||    35
       Unarmed           |       |     4 |     5 ||     9
       Morningstar       |       |       |    15 ||    15
       Shortbow          |       |       |     1 ||     1
       Punch             |       |       |     1 ||     1
 Fire: Shortbow          |    33 |   156 |   598 ||   787
 Cast: Corona            |     4 |     5 |    10 ||    19
       Slow              |    14 |    22 |    40 ||    76
Invok: Heroism           |       |       |     5 ||     5
 Abil: Fly               |       |     1 |       ||     1
Evoke: Wand              |       |       |     1 ||     1
  Use: Scroll            |       |     9 |     7 ||    16
       Potion            |       |     1 |     8 ||     9
 Stab: Sleeping          |     2 |       |       ||     2
  Eat: Chunk             |     2 |    11 |    10 ||    23
       Ration            |     2 |     1 |     5 ||     8
Armor: Robe              |    18 |    21 |    45 ||    84
       Skin              |       |     2 |     5 ||     7
Dodge: Dodged            |    83 |   162 |   276 ||   521

Table legend:
 A = Non-vault XP
 B = Vault XP
 C = Vault XP percentage of total XP
 D = Non-vault monster count
 E = Vault monster count
 F = Vault count percentage of total count
                 A         B        C        D         E       F
            +---------+---------+-------+---------+---------+-------
      Total |    3506 |     638 |  15.4 |     172 |      31 |  15.3
            +---------+---------+-------+---------+---------+-------
        D:1 |      42 |       4 |   8.7 |      23 |       2 |   8.0
        D:2 |     145 |      88 |  37.8 |      33 |       3 |   8.3
        D:3 |     144 |      58 |  28.7 |      18 |      12 |  40.0
        D:4 |     168 |       0 |   0.0 |      13 |       0 |   0.0
        D:5 |     668 |     488 |  42.2 |      20 |      14 |  41.2
        D:6 |     638 |       0 |   0.0 |      30 |       0 |   0.0
        D:7 |    1244 |       0 |   0.0 |      24 |       0 |   0.0
        D:8 |     457 |       0 |   0.0 |      11 |       0 |   0.0
            +---------+---------+-------+---------+---------+-------
